 Dungeon Crawl Stone Soup version 0.30.1-4-g462c640d31 (webtiles) character file.

Game seed: 10184024727123549614

19791 Cheops the Spear-Bearer (level 12, 0/81 HPs)
             Began as a White Draconian Summoner on Sept 10, 2023.
             Was an Elder of the Shining One.
             Succumbed to a cane toad's poison
             ... on level 2 of the Lair of Beasts on Sept 11, 2023.
             The game lasted 01:39:38 (22024 turns).

Cheops the Spear-Bearer (White Draconian Summoner) Turns: 22024, Time: 01:39:39

Health: 0/81       AC: 16    Str: 11    XL:     12   Next: 39%
Magic:  12/24      EV: 11    Int: 24    God:    the Shining One [****..]
Gold:   694        SH:  5    Dex: 15    Spells: 6/27 levels left

rFire   . . .        b - +1 trident (venom)
rCold   + . .        L - +0 buckler
rNeg    + + +        (body armour unavailable)
rPois   .            E - +2 hat
rElec   .            (no cloak)
rCorr   .            D - +2 pair of gloves {Dex+3}
SInv    +            m - +2 pair of boots
Will    +....        G - amulet of regeneration
Stlth   +            J - ring of Nikhag {rN+ Will+ Int+4 Slay+2 SInv}
HPRegen 1.13/turn    M - ring of wizardry
MPRegen 0.19/turn

%: wizardry (x1)
@: lethally poisoned (0 -> -9), about to teleport, glowing
A: breathe frost, AC +8, unfitting armour, cold resistance 1, cold-blooded
a: Breathe Frost, Renounce Religion, Divine Shield, Cleansing Flame


You were on level 2 of the Lair of Beasts.
You worshipped the Shining One.
The Shining One was greatly pleased with you.
You visited 3 branches of the dungeon, and saw 15 of its levels.

You collected 954 gold pieces.
You spent 260 gold pieces at shops.

Inventory:

Hand Weapons
 a - the +5 short sword of Chagrin {flame, rF+ Str+4}
   (You found it on level 3 of the Dungeon)

   Str:       It affects your strength (+4).
   rF:        It protects you from fire.
 b - a +1 trident of venom (weapon)
 n - a +3 hand axe of flaming
 F - a +1 short sword of protection
 Q - a +2 halberd
 V - a +0 dagger of holy wrath
 X - a +4 hand axe of freezing
Armour
 d - a +0 kite shield
 m - a +2 pair of boots (worn)
 D - a +2 pair of gloves of dexterity (worn)
 E - a +2 hat (worn)
 L - a +0 buckler (worn)
Magical Staves
 o - a staff of earth
 R - a staff of air {!a}
Jewellery
 h - a ring of poison resistance
 q - a ring of protection from cold
 r - the ring "Tiucoem" {Ice +Blink Dex+4}
   (You found it on level 9 of the Dungeon)

   [ring of ice]

   It enhances your ice magic.
   Dex:       It affects your dexterity (+4).
   rF:        It makes you vulnerable to fire.
   rC:        It protects you from cold.
   +Blink:    It lets you blink.
 G - an amulet of regeneration (around neck)
 J - the ring of Nikhag (left hand) {rN+ Will+ Int+4 Slay+2 SInv}
   (You acquired it on level 7 of the Dungeon)

   [ring of positive energy]

   Int:       It affects your intelligence (+4).
   Slay:      It affects your accuracy & damage with ranged weapons and melee
   (+2).
   rN:        It protects you from negative energy.
   SInv:      It lets you see invisible.
   Will:      It increases your willpower.
 M - a ring of wizardry (right hand)
 W - a ring of ice
 Y - a ring of protection from fire
Wands
 g - a wand of iceblast (3)
 y - a wand of charming (9)
 I - a wand of digging (4)
 K - a wand of mindburst (8)
 N - a wand of light (12)
Scrolls
 j - 4 scrolls of teleportation
 k - 2 scrolls of immolation
 s - 4 scrolls of poison
 u - 2 scrolls of fog
 H - a scroll of enchant armour
 O - 2 scrolls of vulnerability
 P - a scroll of amnesia
 T - a scroll of summoning
Potions
 c - 5 potions of curing
 e - 5 potions of heal wounds {unknown}
 f - 2 potions of ambrosia {unknown}
 i - 2 potions of berserk rage {unknown}
 l - 4 potions of degeneration {unknown}
 p - 3 potions of cancellation {unknown}
 v - a potion of resistance
 w - 2 potions of magic
 x - a potion of might
 z - 4 potions of lignification
 A - 2 potions of attraction
 C - 3 potions of brilliance {unknown}
 S - a potion of haste {unknown}
 U - a potion of mutation
Miscellaneous
 B - a phial of floods


   Skills:
 - Level 2.0 Short Blades
 - Level 10.4 Polearms
 - Level 1.7 Dodging
 - Level 1.7 Stealth
 - Level 4.0 Shields
 - Level 8.0 Spellcasting
 - Level 4.0 Conjurations
 - Level 3.0 Hexes
 + Level 8.1 Summonings
 - Level 7.4 Ice Magic
 - Level 7.0 Air Magic
 - Level 6.5 Poison Magic
 - Level 5.0 Invocations


You had 6 spell levels left.
You knew the following spells:

 Your Spells              Type           Power      Damage    Failure   Level
a - Summon Small Mammal   Summ           100%       N/A       1%          1
c - Call Canine Familiar  Summ           48%        N/A       1%          3
g - Summon Guardian Gole  Hex/Summ       36%        N/A       1%          3
l - Summon Lightning Spi  Summ/Air       45%        N/A       1%          4
m - Mephitic Cloud        Conj/Pois/Air  37%        N/A       1%          3
v - Poisonous Vapours     Pois/Air       84%        N/A       1%          2
F - Freezing Cloud        Conj/Ice/Air   19%        6-21      9%          5

Your spell library contained the following spells:

 Spells                   Type           Power      Damage    Failure   Level
 Magic Dart               Conj           100%       1d8       1%          1
 Call Imp                 Summ           96%        N/A       1%          2
 Cigotuvi's Dreadful Rot  Necr/Pois/Air  62%        N/A       1%          2
 Searing Ray              Conj           56%        2d6       1%          2
 Fulminant Prism          Conj/Hex       13%        3d9       9%          4
 Volatile Blastmotes      Fire/Tloc      18%        2d11      11%         3
 Iskenderun's Mystic Bla  Conj/Tloc      19%        2d6       16%         4
 Dispel Undead            Necr           9%         3d8       32%         4
 Manifold Assault         Tloc           9%         N/A       32%         4
 Lee's Rapid Deconstruct  Erth           4%         3d5*      65%         5
 Simulacrum               Ice/Necr       13%        N/A       73%         6
 Death Channel            Necr           4%         N/A       99%         6
 Dispersal                Tloc           4%         N/A       99%         6
 Ozocubu's Refrigeration  Ice            22%        4d12      78%         7
 Spellforged Servitor     Conj/Summ      19%        N/A       92%         7
 Orb of Destruction       Conj           14%        9d7       99%         7
 Disjunction              Tloc           4%         N/A       100%        8
 Polar Vortex             Ice            22%        N/A       100%        9


Dungeon Overview and Level Annotations

Branches:
Dungeon (12/15)            Temple (1/1) D:4            Lair (2/5) D:8
  Swamp (0/4) Lair:2          Orc (0/2) D:11
  Snake: Lair:2-3    Spider: Lair:2-3

Altars:
Ashenzari
Cheibriados
Dithmenos
Elyvilon
Fedhas
Gozag
Hepliaklqana
Kikubaaqudgha
Makhleb
Nemelex Xobeh
Okawaru
Qazlal
Ru
Sif Muna
Trog
Uskayaw
Vehumet
Wu Jian
Xom
Yredelemnul
Zin
The Shining One

Shops:
D:2 :

Annotations:
D:8 6 transporters
D:12 Rupert


Innate Abilities, Weirdness & Mutations

You can breathe waves of freezing cold which knock back foes.
Your icy white scales are hard. (AC +8)
You cannot fit into any form of body armour.
Your flesh is cold resistant. (rC+)
You are cold-blooded and may be slowed by cold attacks.


Message History

* * * LOW HITPOINT WARNING * * *
You feel sick.
Erica is engulfed in freezing vapours.
Your wolf is engulfed in freezing vapours.
Your wolf bites Erica.
You feel sick.
Your wolf is engulfed in freezing vapours.
Your wolf closely misses Erica.
Your lightning spire shoots out a bolt of lightning at Erica!
The bolt of electricity hits Erica!
Erica dies!
Your wolf is engulfed in freezing vapours.
You kill your wolf!
Your wolf's corpse disappears in a puff of smoke!
Your Summonings skill increases to level 8!
You feel sick.
Your lightning spire disappears in a puff of smoke!
You feel sick.
You are no longer poisoned. 2 cane toads come into view.
The cane toad gives a loud, deep croak!
The cane toad croaks.
You see here a cane toad corpse.
The cane toad stings you!
* * * LOW HITPOINT WARNING * * *
You are poisoned.
The cane toad poisons you! The cane toad stings you!
* * * LOW HITPOINT WARNING * * *
The cane toad stings you!
* * * LOW HITPOINT WARNING * * *
The cane toad stings you.
* * * LOW HITPOINT WARNING * * *
As you read the scroll of fear, it crumbles to dust.
You assume a fearsome visage.
The cane toad easily resists.
The cane toad looks frightened!
* * * LOW HITPOINT WARNING * * *
You feel very sick. The cane toad closely misses you.
Okay, then.
As you read the scroll of teleportation, it crumbles to dust.
You feel strangely unstable.
You die...

........♣..♣..........
.........♣♣##.......##..
.........♣ ##..........
.........### #.........
..?........###......#...
..#..○○...# #.#....#...#
....○○☼...###........>.
#...☼.†..P##......#...
#....@...##..#P....#
##...F..##........#.
#.F................
#............)......
............[.......
.....................
.....................
.........>...........
..............#....


You could see 2 cane toads.

Vanquished Creatures
  3 cane toads
  A rime drake (Lair:1)
  A komodo dragon (Lair:1)
  A hornet (D:9)
  A wyvern (D:8)
  A vampire (D:9)
  A basilisk (Lair:1)
  5 yaks
  Eustachio (D:4)
  3 vampire mosquitoes
  2 water moccasins (Lair:2)
  3 orc warriors
  3 ice beasts
  2 black bears
  A centaur (D:9)
  Blork the orc (D:5)
  4 bullfrogs
  2 gnoll sergeants (D:7)
  A scorpion (D:6)
  5 wights
  Dowan (D:5)
  2 killer bees (D:8)
  A hound (D:5)
  An orc priest (D:6)
  Jessica (D:2)
  Terence (D:3)
  4 iguanas
  6 orc wizards
  3 adders
  8 gnolls
  A white imp (D:11)
  An ufetubus (D:5)
  2 worms
  2 dart slugs
  16 orcs
  3 endoplasms
  5 giant cockroaches
  4 hobgoblins
  3 quokkas
  3 ball pythons
  5 bats
  2 frilled lizards
  2 goblins
  8 kobolds
  5 rats
132 creatures vanquished.

Vanquished Creatures (collateral kills)
  A boulder beetle (D:9)
  Erica (Lair:2)
  A tengu warrior (D:9)
  A two-headed ogre (D:11)
  2 manticores (D:11)
  A black mamba (Lair:1)
  4 cane toads
  3 komodo dragons
  An unseen horror (D:10)
  A tengu conjurer (D:9)
  Grinder (D:6)
  2 trolls
  A hornet (D:7)
  3 blink frogs (Lair:2)
  9 yaks
  A wraith (D:11)
  A basilisk (Lair:2)
  7 vampire mosquitoes
  A wyvern (D:9)
  A steam dragon (D:6)
  A warg (D:11)
  An acid dragon (D:10)
  4 water moccasins
  2 orc warriors
  An ice beast (D:7)
  3 black bears
  An ogre (D:6)
  2 centaurs
  A phantom (D:7)
  A kobold brigand (D:6)
  4 bullfrogs
  5 wights
  3 killer bees (D:8)
  A howler monkey (D:9)
  An orc priest (D:9)
  2 jellies (D:6)
  7 orc wizards
  An iguana (D:6)
  5 gnolls
  3 adders
  11 white imps (D:11)
  A worm (D:2)
  2 dart slugs
  17 orcs
  3 endoplasms
  A giant cockroach (D:2)
  8 hobgoblins
  2 quokkas (D:1)
  4 ball pythons
  5 bats
  A frilled lizard (D:1)
  5 goblins
  6 kobolds
  6 rats
164 creatures vanquished.

Vanquished Creatures (others)
  2 elephants (Lair:2)
  3 yaks (D:10)
  2 vampire mosquitoes (D:11)
  Duvessa (D:5)
8 creatures vanquished.

Grand Total: 304 creatures vanquished

Notes
Turn   | Place    | Note
-------+----------+-------------------------------------------
     0 | D:1      | Cheops the Draconian Summoner began the quest for the Orb.
     0 | D:1      | Reached XP level 1. HP: 14/14 MP: 3/3
    40 | D:1      | Found a faded altar of an unknown god.
   196 | D:1      | Reached XP level 2. HP: 10/20 MP: 3/5
   334 | D:1      | Learned a level 2 spell: Call Imp
   687 | D:1      | Reached XP level 3. HP: 21/26 MP: 7/7
   691 | D:1      | Learned a level 3 spell: Call Canine Familiar
  1425 | D:2      | Noticed Jessica
  1457 | D:2      | Killed Jessica
  1458 | D:2      | Reached skill level 5 in Summonings
  1458 | D:2      | Reached XP level 4. HP: 10/33 MP: 0/8
  1787 | D:2      | Found Tithrygh's Book Shoppe.
  1973 | D:3      | Noticed Terence
  2161 | D:3      | Killed Terence
  2214 | D:3      | Identified the +5 short sword of Chagrin {flame, rF+ Str+4}
  2557 | D:3      | Reached XP level 5. HP: 32/38 MP: 5/9
  3275 | D:4      | Found a broken altar of Ashenzari.
  3275 | D:4      | Noticed Eustachio
  3396 | D:4      | Reached skill level 1 in Short Blades
  3517 | D:4      | Learned a level 4 spell: Summon Lightning Spire
  3616 | D:4      | Identified the +1 leather armour of Qazlal's Supremacy
                  | {rElec rPois Stlth-}
  3619 | D:4      | Found a burning altar of Makhleb.
  3625 | D:4      | Noticed a black bear
  3630 | D:4      | Killed a black bear
  3631 | D:4      | Reached XP level 6. HP: 45/45 MP: 7/12
  3805 | D:4      | Killed Eustachio
  3941 | D:4      | Noticed an ice beast
  3987 | D:4      | Killed an ice beast
  3988 | D:4      | Your scales start taking on an icy white colour.
  3988 | D:4      | Reached XP level 7. HP: 14/50 MP: 8/13
  3988 | D:4      | Gained mutation: Your flesh is cold resistant. (rC+) [White
                  | Draconian growth]
  4332 | D:4      | Found a faded altar of an unknown god.
  4333 | D:4      | Found a hazy altar of Hepliaklqana.
  4401 | D:4      | Reached skill level 5 in Air Magic
  4470 | D:4      | Found a staircase to the Ecumenical Temple.
  4857 | Temple   | Entered the Ecumenical Temple
  4864 | Temple   | Became a worshipper of the Shining One
  4870 | Temple   | Learned a level 3 spell: Summon Guardian Golem
  4940 | D:5      | Entered Level 5 of the Dungeon
  5032 | D:5      | Noticed Duvessa
  5032 | D:5      | Noticed Dowan
  5048 | D:5      | Killed Duvessa
  5068 | D:5      | Reached skill level 5 in Spellcasting
  5072 | D:5      | Killed Dowan
  5286 | D:5      | Reached XP level 8. HP: 57/57 MP: 15/15
  5470 | D:5      | Noticed Blork the orc
  5481 | D:5      | Killed Blork the orc
  6256 | D:6      | Noticed Grinder
  6270 | D:6      | Killed Grinder
  6830 | D:2      | Bought a book of Vapours for 260 gold pieces
  6833 | D:2      | Learned a level 2 spell: Poisonous Vapours
  6837 | D:2      | Learned a level 3 spell: Mephitic Cloud
  6990 | D:6      | Reached skill level 1 in Poison Magic
  7225 | D:6      | Reached XP level 9. HP: 62/62 MP: 8/16
  7275 | D:7      | Reached * piety under the Shining One
  7460 | D:7      | Reached skill level 5 in Poison Magic
  7865 | D:7      | Reached skill level 1 in Conjurations
  8316 | D:7      | Identified a scroll of acquirement
  8318 | D:7      | Acquired the ring of Nikhag {rN+ Will+ Int+4 Slay+2 SInv}
  8332 | D:7      | Identified the +4 ring mail of the Filigreed God {Int+2}
  8882 | D:8      | Reached skill level 1 in Shields
  8993 | D:8      | Found a staircase to the Lair.
  9012 | D:8      | Found a transporter.
  9013 | D:8      | Found a transporter.
  9332 | D:8      | Found a transporter.
  9333 | D:8      | Found a transporter.
  9432 | D:8      | Reached XP level 10. HP: 64/69 MP: 13/17
  9595 | D:8      | Found a transporter.
  9596 | D:8      | Found a transporter.
  9604 | D:8      | You fall into a shaft and drop 3 floors!
  9694 | D:11     | Learned a level 5 spell: Freezing Cloud
  9750 | D:11     | Found a staircase to the Orcish Mines.
  9752 | D:11     | Found a gate leading to a gauntlet.
  9768 | D:10     | Entered Level 10 of the Dungeon
  9870 | D:9      | Noticed a tengu warrior
 10084 | D:9      | Reached ** piety under the Shining One
 10163 | D:9      | Found a stormy altar of Qazlal.
 10457 | D:9      | Reached skill level 1 in Ice Magic
 10673 | D:9      | Killed a tengu warrior
 10674 | D:9      | Reached skill level 5 in Ice Magic
 11046 | D:9      | Identified the ring "Tiucoem" {Ice +Blink Dex+4}
 11072 | D:9      | Noticed a boulder beetle
 11081 | D:9      | Killed a boulder beetle
 11082 | D:9      | Reached XP level 11. HP: 42/74 MP: 10/23
 11544 | D:10     | Found an iron altar of Okawaru.
 11697 | D:10     | Found a bloodstained altar of Trog.
 11904 | D:10     | Found an opulent altar of Gozag.
 11931 | D:10     | Reached skill level 1 in Polearms
 11932 | D:10     | Reached skill level 1 in Invocations
 11935 | D:10     | Reached skill level 2 in Polearms
 12524 | D:1      | Found a faded altar of an unknown god.
 12931 | D:2      | Found Tithrygh's Book Shoppe.
 14106 | D:4      | Found a broken altar of Ashenzari.
 14433 | D:4      | Found a hazy altar of Hepliaklqana.
 14435 | D:4      | Found a faded altar of an unknown god.
 14528 | D:4      | Found a staircase to the Ecumenical Temple.
 14792 | D:4      | Found a burning altar of Makhleb.
 16555 | D:8      | Found a staircase to the Lair.
 16824 | D:8      | Found a transporter.
 16825 | D:8      | Found a transporter.
 17100 | D:8      | Found a transporter.
 17101 | D:8      | Found a transporter.
 17188 | D:8      | Found a transporter.
 17189 | D:8      | Found a transporter.
 17337 | D:9      | Found a stormy altar of Qazlal.
 17997 | D:10     | Found a bloodstained altar of Trog.
 18000 | D:10     | Found an opulent altar of Gozag.
 18205 | D:10     | Found an iron altar of Okawaru.
 18396 | D:11     | Noticed a two-headed ogre
 18401 | D:11     | Reached *** piety under the Shining One
 18403 | D:11     | Reached skill level 3 in Polearms
 18418 | D:11     | Reached skill level 4 in Polearms
 18537 | D:11     | Killed a two-headed ogre
 18617 | D:11     | Reached skill level 5 in Polearms
 18891 | D:11     | Found a staircase to the Orcish Mines.
 19173 | D:12     | Noticed Rupert
 19173 | D:12     | Noticed a two-headed ogre
 19281 | Lair:1   | Entered Level 1 of the Lair of Beasts
 19680 | Lair:1   | Reached skill level 6 in Polearms
 19802 | Lair:1   | Reached skill level 5 in Invocations
 19968 | Lair:1   | Reached skill level 7 in Polearms
 21289 | Lair:2   | Reached skill level 8 in Polearms
 21415 | Lair:2   | Reached XP level 12. HP: 81/81 MP: 22/24
 21508 | Lair:2   | Reached skill level 9 in Polearms
 21796 | Lair:2   | Reached skill level 10 in Polearms
 21796 | Lair:2   | Reached **** piety under the Shining One
 21940 | Lair:2   | Found a staircase to the Swamp.
 22005 | Lair:2   | Noticed Erica
 22013 | Lair:2   | Killed Erica
 22023 | Lair:2   | HP: 3/81 [poisoned by a cane toad]
 22024 | Lair:2   | Succumbed to a cane toad's poison

Illustrated notes

Levels and vault maps discovered:
D:1:      scummos_arrival_hexagon, layout_basic, basic_ecumenical_altar,
          minmay_heptomino_d4
D:2:      layout_loops_ring, serial_shops, shop, uniq_jessica
D:3:      kennysheep_six_static_rooms, layout_loops_cross, uniq_terence
D:4:      minmay_wonky_spiral, layout_loops_corners, makhleb_altar_promises_db,
          beargit_hepliaklqana_dungeon_heroes, nicolae_ashenzari_skybound,
          minmay_temple_entry_poolview, uniq_eustachio
D:5:      layout_basic, uniq_duvessa, uniq_blork_the_orc
D:6:      layout_gridville, st_stairs_8, columned_hall_lemuel, uniq_grinder
D:7:      layout_basic, kennysheep_generic_room_9
D:8:      layout_basic, david_lair_generic, chequers_decorated_corner,
          serial_nicolae_subway, nicolae_sub_station_crystal,
          nicolae_sub_station_metal, nicolae_sub_station_stone
D:9:      layout_roguey, nicolae_qazlal_scattered_showers, minmay_between
D:10:     minmay_general_purpose_star, layout_long_grid,
          chequers_temple_overflow_statue_of_worship, okawaru_trees_2
D:11:     layout_basic, david_orc_3, portal_ice_cave_entry_imps,
          gauntlet_entry_generic
D:12:     layout_layer_cave, gammafunk_ghost_fury_of_okawaru, enter_trove_1,
          uniq_rupert
Temple:   nicolae_temple_no_exploring_needed
Lair:1:   layout_hall_layers
Lair:2:   layout_hall_layers, minmay_swamp_entry_swarm, minmay_holes,
          grunt_megastairs_4, uniq_erica, uniq_fannar

Skill      XL: |  1  2  3  4  5  6  7  8  9 10 11 12 |
---------------+-------------------------------------+-----
Spellcasting   | 3 4 5 8 |  8.0
Summonings     | 5 6 7 8 |  8.1
Short Blades   | 2 |  2.0
Air Magic      | 4 5 7 |  7.0
Hexes          | 3 |  3.0
Poison Magic   | 3 6 |  6.5
Conjurations   | 4 |  4.0
Shields        | 4 |  4.0
Ice Magic      | 7 |  7.4
Polearms       | 8 10 | 10.4
Invocations    | 5 |  5.0
Dodging        | |  1.7
Stealth        | |  1.7

Action                     |  1- 3 |  4- 6 |  7- 9 | 10-12 || total
---------------------------+-------+-------+-------+-------++-------
  Melee: Unarmed           |    75 |       |       |       ||    75
         Tailslap          |    13 |    19 |    28 |    43 ||   103
         Punch             |     1 |     2 |     5 |       ||     8
         Dagger            |    21 |    88 |       |       ||   109
         Short sword       |       |    47 |   164 |   104 ||   315
         Trident           |       |       |       |   108 ||   108
   Cast: Summon Small Mamm |    10 |       |     5 |       ||    15
         Call Imp          |     8 |     6 |     2 |       ||    16
         Call Canine Famil |     7 |    17 |    33 |    44 ||   101
         Summon Guardian G |       |       |     3 |     6 ||     9
         Summon Lightning  |       |       |    20 |    39 ||    59
         Poisonous Vapours |       |       |     4 |     9 ||    13
         Mephitic Cloud    |       |       |     1 |     1 ||     2
         Freezing Cloud    |       |       |       |     3 ||     3
  Evoke: Wand              |       |       |       |     1 ||     1
    Use: Potion            |     1 |       |     1 |     1 ||     3
         Scroll            |       |       |    15 |    12 ||    27
   Stab: Sleeping          |     1 |       |     3 |       ||     4
         Distracted        |       |     3 |     1 |       ||     4
 Armour: Skin              |    51 |    64 |    74 |   137 ||   326
  Dodge: Dodged            |    79 |    81 |   139 |   157 ||   456
  Block: Buckler           |       |       |       |    65 ||    65
